 Dungeon Sprint DCSS version 0.31.0-11-ge490571c62 (webtiles) character file.

Game seed: 7255905681932023058

1 boopmooplesden the Covered (level 1, -1/18 HPs)
             Began as an Armataur Fighter on Feb 1, 2024.
             Was an Initiate of Trog.
             Slain by a scorpion (6 damage)
             ... in the Dungeon (Sprint VII: "The Pits").
             The game lasted 00:00:17 (61 turns).

boopmooplesden the Covered (Armataur Fighter)         Turns: 61, Time: 00:00:18

Health: -1/18      AC:  7    Str: 21    XL:     1   Next: 16%
Magic:  1/1        EV:  7    Int:  8    God:    Trog [......]
Gold:   0          SH:  4    Dex:  9    Spells: 0/0 levels left

rFire   . . .        k - +2 falchion
rCold   . . .        c - +0 buckler
rNeg    . . .        b - +0 scale mail
rPois   .            (no helmet)
rElec   .            (no cloak)
rCorr   .            (no gloves)
SInv    .            (no barding)
Will    .....        (no amulet) Stlth
                     (no ring)
HPRegen 0.23/turn    (no ring)
MPRegen 0.07/turn

%: no teleportation, roll
@: no status effects
A: large, deformed body, tough skin 3, armoured tail, roll 1
a: Renounce Religion


You were in the Dungeon.
You worshipped Trog.
Trog was noncommittal.
You visited 1 branch

Inventory:

Hand Weapons
 a - a +0 long sword
 k - a +2 falchion (weapon)
Armour
 b - a +0 scale mail (worn)
 c - a +0 buckler (worn)
Scrolls
 j - a scroll of blinking
 m - 2 scrolls of vulnerability
 n - 5 scrolls of amnesia
 o - a scroll of summoning
Potions
 d - a potion of might
 e - a potion of curing
 f - a potion of heal wounds
 g - a potion of haste
 h - 4 potions of magic
 i - 3 potions of berserk rage
 l - 2 potions of invisibility


   Skills:
 + Level 2.9 Fighting
 + Level 1.8 Long Blades
 + Level 3.9 Armour
 + Level 3.5 Shields


You couldn't memorise any spells.
You didn't know any spells.
Your spell library was empty.

Dungeon Overview and Level Annotations

Branches:
Dungeon (1/1)

Altars:
Cheibriados
Dithmenos
Elyvilon
Fedhas
Gozag
Hepliaklqana
Makhleb
Nemelex Xobeh
Okawaru
Qazlal
Ru
Sif Muna
Trog
Vehumet
Wu Jian
Xom
Yredelemnul
Zin
The Shining One
Jiyva
Lugonu


Innate Abilities, Weirdness & Mutations

Armour fits poorly on your strangely shaped body.
You have extremely tough skin. (AC +3)
You have a long armoured tail.
You regenerate magic when rolling toward enemies. (Rampage MPRegen)


Message History

The scorpion stings you but does no damage.
The goblin hits you but does no damage. The scorpion stings you.
The goblin hits you but does no damage.
You hit the goblin.
You kill the goblin!
Trog accepts your kill. You block the scorpion's attack.
The scorpion stings you but does no damage.
The scorpion stings you.
Things that are here:
a +0 dagger; a goblin corpse
Okay, then.
You barely miss the scorpion.
The scorpion stings you but does no damage.
You barely miss the scorpion. The scorpion barely misses you.
You barely miss the scorpion. You block the scorpion's attack.
The scorpion stings you but does no damage.
You hit the scorpion.
The scorpion is lightly wounded.
The scorpion stings you.
You hit the scorpion but do no damage. You tail-slap the scorpion!
The scorpion is heavily wounded.
The scorpion stings you but does no damage.
The scorpion stings you.
You completely miss the scorpion.
The scorpion is heavily wounded.
The scorpion stings you.
* * * LOW HITPOINT WARNING * * *
You hit the scorpion.
The scorpion is severely wounded.
The scorpion stings you but does no damage.
You block the scorpion's attack.
You hit the scorpion.
You tail-slap the scorpion, but do no damage.
The scorpion is severely wounded.
The scorpion stings you but does no damage.
You hit the scorpion but do no damage.
Your tail-slap misses the scorpion.
The scorpion is severely wounded.
The scorpion barely misses you. The scorpion stings you.
You die...

________.# ________.#
______...###########++
##########'##...........
#..(.')))'.##......#..#
##########.##..........
#..........†'...........
#+#####'#####......#..#.
#s@# #........... +..#
####'#####+ ####
#.......# #.......#
#.......# #...<...#
#.......# #.......#
#.......#


You could see a scorpion.

Vanquished Creatures
  A frilled lizard (D)
  A goblin (D)
2 creatures vanquished.

Notes
Turn   | Place    | Note
-------+----------+-------------------------------------------
     0 | D        | boopmooplesden the Armataur Fighter began the quest for the
                  | Orb.
     0 | D        | Reached XP level 1. HP: 18/18 MP: 1/1
    37 | D        | Found a glowing golden altar of the Shining One.
    37 | D        | Found a glowing silver altar of Zin.
    37 | D        | Found a basalt altar of Yredelemnul.
    37 | D        | Found a shimmering altar of Xom.
    37 | D        | Found an ornate altar of the Wu Jian Council.
    37 | D        | Found a bloodstained altar of Trog.
    37 | D        | Found a shimmering blue altar of Sif Muna.
    37 | D        | Found a sacrificial altar of Ru.
    37 | D        | Found a stormy altar of Qazlal.
    37 | D        | Found an iron altar of Okawaru.
    37 | D        | Found a sparkling altar of Nemelex Xobeh.
    37 | D        | Found a burning altar of Makhleb.
    37 | D        | Found a viscous altar of Jiyva.
    37 | D        | Found a hazy altar of Hepliaklqana.
    37 | D        | Found an opulent altar of Gozag.
    37 | D        | Found a blossoming altar of Fedhas.
    37 | D        | Found a white marble altar of Elyvilon.
    37 | D        | Found a shadowy altar of Dithmenos.
    37 | D        | Found a snail-covered altar of Cheibriados.
    39 | D        | Found a corrupted altar of Lugonu.
    39 | D        | Found a radiant altar of Vehumet.
    40 | D        | Became a worshipper of Trog the Wrathful
    49 | D        | Noticed a scorpion
    61 | D        | Slain by a scorpion

Illustrated notes

Levels and vault maps discovered:
D:        pitsprint [storerooms_1, entrance_room_1, metal_vault_1, armoury_2,
          mini_pit_1, grid_room_1, main_hall_1, silver_pit, the_coven_1,
          the_vestibule_1, steel_vault_3, golden_pit, hallway_of_sentries,
          crystal_vault_6, iron_vault_5, final_vault]

Action                     || total
---------------------------++-------
  Melee: Falchion          ||    11
         Tailslap          ||     2
         Long sword        ||     1
 Armour: Scale mail        ||    16
  Dodge: Dodged            ||     2
  Block: Buckler           ||     3
